 Dungeon Crawl Stone Soup version 0.31-a0-963-ga325b2283a (webtiles) character file.

Game seed: 6383529788665002976

98 night the Scratcher (level 4, -3/19 HPs)
             Began as a Felid Shapeshifter on Oct 25, 2023.
             Slain by Duvessa
             ... wielding a +0 short sword
              (11 damage)
             ... on level 4 of the Dungeon.
             The game lasted 00:04:13 (1831 turns).

night the Scratcher (Felid Shapeshifter)            Turns: 1831, Time: 00:04:13

Health: -3/19      AC:  1    Str: 12    XL:     4   Next: 43%
Magic:  5/5        EV: 18    Int: 11    God:
Gold:   192        SH:  0    Dex: 15    Spells: 3/3 levels left
                                        Lives:  0   Deaths: 2

rFire   . .          .
                       - Unarmed
rCold   . . .        (shield unavailable)
rNeg    . . .        (body armour unavailable)
rPois   .            (helmet unavailable)
rElec   .            (cloak unavailable)
rCorr   .            (gloves unavailable)
SInv    +            (boots unavailable)
Will    .....        (no amulet)
Stlth   ++           (no ring)
HPRegen 0.23/turn    (no ring)
MPRegen 0.09/turn

%: no passive effects
@: beast-form, quick
A: beast (slay +2), very small, claws 1, fangs 3, see invisible, speed 1, shaggy
fur 1, stealthy paws, no weapons or thrown items, no armour, multi-lived
a: Begin Untransformation


You were on level 4 of the Dungeon.
You were a hulking beast.
You visited 1 branch of the dungeon, and saw 5 of its levels.

You collected 192 gold pieces.

Inventory:

Talismans
 b - a beast talisman
 c - a flux talisman
Wands
 o - a wand of iceblast (6)
Scrolls
 d - a scroll of enchant armour
 i - a scroll of noise {unknown}
 j - a scroll of revelation
 k - a scroll of teleportation {unknown}
 n - a scroll of fog {unknown}
 p - a scroll of blinking {unknown}
Potions
 a - 3 potions of lignification
 e - 2 potions of degeneration {unknown}
 f - 2 potions of cancellation {unknown}
 h - 2 potions of invisibility {unknown}
 l - a potion of experience {unknown}
 m - 2 potions of resistance {unknown}


   Skills:
 + Level 1.8 Fighting
 + Level 3.6 Dodging
 + Level 1.7 Stealth
 * Level 3.9 Unarmed Combat
 + Level 3.7 Shapeshifting


You had 3 spell levels left.
You didn't know any spells.
Your spell library contained the following spells:

 Spells                   Type           Power      Damage    Failure   Level
 Foxfire                  Conj/Fire      0%         2x1d4     34%         1
 Magic Dart               Conj           0%         1d3       34%         1
 Call Imp                 Summ           0%         N/A       47%         2
 Dazzling Flash           Conj/Hex       0%         N/A       71%         3
 Mephitic Cloud           Conj/Pois/Air  0%         N/A       71%         3
 Volatile Blastmotes      Fire/Tloc      0%         2d10      71%         3
 Plasma Beam              Fire/Air       0%         2x1d10    100%        6
 Starburst                Conj/Fire      0%         6d3       100%        6
 Maxwell's Capacitive Co  Air            0%         ∞         100%        8


Dungeon Overview and Level Annotations

Branches:
Dungeon (5/15)
 Temple: D:4-7

Altars:
Hepliaklqana

Annotations:
D:4 Dowan, Duvessa


Innate Abilities, Weirdness & Mutations

You are a hulking beast.
Your limbs bulge with bestial killing power. (Slay +2)
You have sharp claws.
You have razor-sharp teeth.
You have supernaturally acute eyesight. (SInv)
You cover ground quickly. (Speed+)
You are covered in fur. (AC +1)
Your paws help you pounce on unaware monsters.
You are incapable of wielding weapons or throwing items.
You cannot wear armour.
You gain extra lives every three experience levels.


Message History

You claw the jelly!
Your paws burn!
Your claw misses the jelly.
The jelly is heavily wounded.
The jelly closely misses you.
You scratch the jelly but do no damage.
Your paws burn!
The jelly is heavily wounded.
The jelly closely misses you.
You scratch the jelly but do no damage.
Your paws burn!
The jelly is heavily wounded.
The jelly barely misses you.
You scratch the jelly.
Your paws burn!
You claw the jelly.
The jelly is severely wounded.
The jelly hits you.
You are splashed with acid!
You die...
Your shape twists and changes as you die.
You rejoin the land of the living...
Unknown command.
Found a chain mail.
No target in view!
Found a stone staircase leading down.
No target in view!
You see here a +0 chain mail.
An orc comes into view. It is wielding a +0 club.
Found a purple potion.
Duvessa, Sister of Dowan comes into view.
She is wielding a +0 short sword.
Found a buckler.
The orc shouts!
You hear a shout!
Duvessa shouts!
Duvessa misses you.
Dowan, Brother of Duvessa comes into view.
He is wielding a +0 dagger and wearing a +2 robe of cold resistance.
You claw Duvessa!
Duvessa is moderately wounded.
Duvessa barely misses you. The orc barely misses you.
Dowan says, "Magic and the sword, together, will defeat you."
You scratch Duvessa.
Duvessa is moderately wounded.
Duvessa hits you with a +0 short sword! The orc hits you with a +0 club.
The orc barely misses you. Duvessa attacks as she pursues you!
Duvessa hits you with a +0 short sword!
Ouch! That really hurt!
You die...

#.##.###########.#....#
#.##.# #......# #..#.#
#.###.## ##.#.# #.....#
##[#.# #####.# .....#
#.# ##.### ####.####
#.# . #.......# ##.##
... #h##.##.# #...#
.....###e#...#.# #.#.#
#[...e.o#...#.# #...#
#.#####.#...#.# #.###
#.##.##.# #.####
#.......# #....#
!....#### ####.# #.###
#.# ..#


You could see Duvessa and an orc.

Vanquished Creatures
  Crazy Yiuf (D:2)
  2 adders
  A worm (D:2)
  8 endoplasms
  4 giant cockroaches
  3 goblins
  3 hobgoblins
  3 jackals (D:2)
  A quokka (D:2)
  A ball python (D:1)
  5 bats
  2 frilled lizards
  4 kobolds
  8 rats
46 creatures vanquished.

Vanquished Creatures (others)
  An endoplasm (D:1)
  A rat (D:1)
2 creatures vanquished.

Grand Total: 48 creatures vanquished

Notes
Turn   | Place    | Note
-------+----------+-------------------------------------------
     0 | D:1      | night the Felid Shapeshifter began the quest for the Orb.
     0 | D:1      | Reached XP level 1. HP: 9/9 MP: 2/2
   162 | D:1      | Reached XP level 2. HP: 12/12 MP: 3/3
   182 | D:1      | Engulfed by a cloud of flame
   682 | D:2      | Found a hazy altar of Hepliaklqana.
   794 | D:2      | Reached XP level 3. HP: 15/15 MP: 4/4
  1065 | D:2      | Found a runed translucent door.
  1066 | D:2      | Noticed Crazy Yiuf
  1078 | D:2      | Killed Crazy Yiuf
  1079 | D:2      | Reached skill level 1 in Stealth
  1079 | D:2      | Reached XP level 4. HP: 5/19 MP: 0/5
  1601 | D:3      | You fall into a shaft and drop 2 floors!
  1601 | D:5      | Entered Level 5 of the Dungeon
  1751 | D:4      | Splashed by a jelly's acid
  1825 | D:4      | Noticed Duvessa
  1826 | D:4      | Noticed Dowan
  1831 | D:4      | Slain by Duvessa

Illustrated notes

Levels and vault maps discovered:
D:1:      dpeg_arrival_prison, layout_rooms, lemuel_flame_loot_1
D:2:      layout_basic, basic_altar, minmay_misc_feat_rugged,
          minmay_fractal_squares_5, uniq_crazy_yiuf_cottage
D:3:      layout_basic, serial_shops, nicolae_shop_industrial_runoff,
          minmay_goblin_outpost, uniq_natasha
D:4:      layout_loops_cross, serial_bayou_lagoon_a, uniq_duvessa
D:5:      layout_basic, led_xom_imps, portal_sewer_entry_b,
          gammafunk_ghost_abyssal_escape, minmay_gold_behind_fungi,
          saegor_snake_ambush, uniq_menkaure

Skill      XL: |  1  2  3 |
---------------+----------+-----
Dodging        | 3 |  3.6
Stealth        | 1 |  1.7
Fighting       | |  1.8
Unarmed Combat | |  3.9
Shapeshifting  | |  3.7

Action                     |  1- 3 |  4- 6 || total
---------------------------+-------+-------++-------
  Melee: Unarmed           |    85 |    30 ||   115
         Bite              |     3 |     2 ||     5
         Punch             |     3 |     1 ||     4
    Use: Scroll            |       |     3 ||     3
   Stab: Sleeping          |     2 |     2 ||     4
 Armour: Skin              |    16 |     6 ||    22
  Dodge: Dodged            |    47 |    24 ||    71

Table legend: (Time is in decaauts)
 A = Elapsed time spent in this place.
 B = Non-inter-level travel time spent in this place.
 C = Inter-level travel time spent in this place.
 D = Time resting spent in this place.
 E = Time spent auto-exploring this place.
 F = Levels seen in this place.
 G = Mean time per level.
                   A        B        C        D        E       F      G
               +--------+--------+--------+--------+--------+-----+--------+
         Total |   1538 |   1505 |     33 |     35 |   1115 |   5 |  307.6 |
       Dungeon |   1538 |   1505 |     33 |     35 |   1115 |   5 |  307.6 |
               +--------+--------+--------+--------+--------+-----+--------+

Top non-repeatable levels by time:
     D:2: 713 daAuts
     D:1: 511 daAuts
     D:4: 159 daAuts
     D:3: 118 daAuts
     D:5: 35 daAuts
